Map: Prion Terraces

Players

Clinyer

  • Race: Protoss Protoss

Mindele - Winner!

  • Race: Terran Terran
  • League: Bronze

VOD

Have the link to the VOD?

Description

Time

  • Played on: May 13, 2016, 9:25 p.m.
  • Length: 16:54
Show
View Real Time Build Order
Export as new Build Order

Clinyer Protoss 

Build Orders: 1 Gate Expand 

Get SALT Encoding   

  12  0:02  Probe (Chrono Boost)  
  13  0:12  Probe (Chrono Boost)  
  14  0:22  Pylon  
  14  0:23  Probe (Chrono Boost)  
  15  0:41  Gateway  
  15  0:48  Pylon  
  15  1:15  Nexus  
  15  1:19  Pylon  
  15  1:24  Probe (Chrono Boost)  
  16  1:32  Zealot  
  18  1:35  Probe (Chrono Boost)  
  19  1:45  Probe (Chrono Boost)  
  19  1:46  Assimilator  
  20  1:56  Probe (Chrono Boost)  
  21  2:01  Assimilator  
  21  2:07  Probe (Chrono Boost)  
  22  2:17  Probe (Chrono Boost)  
  23  2:28  Probe (Chrono Boost)  
  24  2:36  Probe (Chrono Boost)  
  25  2:38  Probe (Chrono Boost)  
  26  2:46  Probe (Chrono Boost)  
  26  2:50  Gateway  
  27  2:52  Gateway  
  27  2:56  Gateway  
  27  2:57  Probe (Chrono Boost)  
  28  3:00  Pylon  
  28  3:07  Probe (Chrono Boost)  
  29  3:18  Probe (Chrono Boost)  
  29  3:19  Forge  
  30  3:28  Probe (Chrono Boost)  
  31  3:39  Probe (Chrono Boost)  
  32  3:52  Cybernetics Core  
  32  3:53  Zealot  
  32  3:54  Zealot  
  32  3:55  Zealot  
  38  4:04  Protoss Ground Weapons Level 1 (Chrono Boost)  
  38  4:05  Probe (Chrono Boost)  
  36  4:15  Probe  
  31  4:25  Probe  
  23  4:33  Warp Gate (Chrono Boost)  
  23  4:36  Probe, Stalker (Chrono Boost)  
  23  4:42  Stalker (Chrono Boost)  
  23  4:43  Stalker (Chrono Boost)  
  23  4:44  Stalker (Chrono Boost)  
  29  4:46  Probe  
  29  4:51  Probe (Chrono Boost)  
  31  4:58  Mothership Core (Chrono Boost)  
  33  5:03  Probe (Chrono Boost)  
  35  5:14  Probe (Chrono Boost)  
  35  5:24  Probe (Chrono Boost)  
  37  5:28  Probe (Chrono Boost)  
  37  5:33  Probe (Chrono Boost)  
  34  5:44  Probe  
  35  5:53  Probe  
  35  5:54  Probe, Protoss Ground Armor Level 1 (Chrono Boost)  
  37  6:05  Probe  
  37  6:08  Probe  
  39  6:14  Pylon  
  39  6:17  Probe  
  40  6:18  Probe  
  41  6:41  Photon Cannon  
  41  6:43  Photon Cannon  
  41  6:48  Pylon  
  41  6:49  Photon Cannon  
  41  7:04  Photon Cannon  
  41  7:05  Zealot  
  41  7:06  Zealot  
  41  7:07  Photon Cannon, Stalker x2  
  47  7:10  Photon Cannon  
  39  7:21  Assimilator  
  29  7:40  Stalker  
  29  7:41  Stalker  
  19  8:09  Sentry  
  19  8:23  Forge  
  18  8:27  Pylon  
  18  8:28  Pylon  
  16  8:41  Sentry  
  18  9:02  Photon Cannon  
  18  9:03  Photon Cannon  
  18  9:05  Photon Cannon  
  18  9:08  Photon Cannon  
  16  9:10  Photon Cannon  
  16  9:12  Photon Cannon  
  5  9:52  Nexus  
  4  10:20  Nexus, Pylon  
  3  11:33  Probe  
  4  11:55  Probe  
  5  12:31  Probe  
  6  12:42  Probe  
  3  13:25  Pylon  
  3  13:26  Pylon  
  2  13:57  Assimilator  
Show
View Real Time Build Order
Export as new Build Order

Mindele Terran - Winner!

Build Orders:  

Get SALT Encoding   

  12  0:02  SCV  
  14  0:14  SCV  
  14  0:21  Supply Depot  
  14  0:26  SCV  
  15  0:38  Refinery  
  15  0:42  SCV  
  16  0:48  Barracks  
  16  0:54  SCV  
  17  1:07  SCV  
  18  1:13  Supply Depot  
  18  1:19  SCV  
  18  1:23  Barracks  
  19  1:31  SCV  
  20  1:45  Refinery  
  20  1:48  Orbital Command  
  20  1:55  Reaper  
  21  2:13  Reaper  
  21  2:15  SCV  
  23  2:22  Supply Depot  
  23  2:27  SCV  
  23  2:28  Reaper  
  25  2:39  SCV  
  25  2:41  Barracks  
  26  2:50  Reaper  
  27  2:51  SCV  
  28  3:03  SCV  
  28  3:04  Supply Depot  
  29  3:08  Reaper  
  30  3:17  SCV  
  30  3:18  Barracks  
  30  3:19  Barracks  
  31  3:29  SCV  
  31  3:33  Reaper  
  33  3:38  Reaper  
  35  3:41  SCV  
  35  3:45  Supply Depot  
  35  3:53  SCV  
  35  3:54  Reaper, Factory  
  37  4:14  Reaper  
  37  4:15  Reaper  
  39  4:17  Reaper  
  40  4:31  Reaper  
  39  4:43  Marine  
  37  4:46  Marine  
  36  4:54  Marine  
  36  4:55  Marine  
  38  5:00  SCV  
  39  5:10  Factory Tech Lab  
  39  5:12  Marine x2  
  41  5:20  Marine  
  41  5:21  Marine  
  43  5:47  Marine x3  
  46  5:51  Cyclone  
  46  5:55  Marine x2  
  51  5:59  SCV  
  51  6:03  Supply Depot  
  52  6:09  Marine x2  
  54  6:11  SCV  
  55  6:24  Marine x3, SCV  
  59  6:27  Supply Depot  
  59  6:31  Marine x2  
  61  6:36  SCV  
  62  6:45  Marine  
  62  6:46  Marine  
  64  6:52  Cyclone  
  67  7:06  Marine x2  
  65  7:23  Marine  
  65  7:24  Marine  
  56  7:51  Marine x3  
  56  7:52  Marine x2  
  56  7:57  Cyclone  
  62  8:09  Marine x3  
  65  8:25  Marine  
  65  8:26  Marine  
  67  8:41  Marine x3  
  68  8:43  Marine  
  68  8:46  Cyclone  
  70  9:16  Marine x2  
  70  9:17  Marine x3  
  67  9:34  Marine x2  
  66  9:40  Marine x3  
  58  10:08  Marine  
  58  10:09  Marine x2  
  52  10:24  Marine x2  
  52  10:26  SCV  
  55  10:38  SCV  
  56  10:43  Starport, Command Center  
  56  10:46  Marine  
  56  10:47  Marine x2  
  56  10:49  Starport  
  58  11:06  Marine x3  
  61  11:12  Supply Depot  
  61  11:28  SCV  
  62  11:40  SCV  
  62  11:46  Marine x2  
  65  11:47  Marine x2  
  65  11:49  Starport Tech Lab  
  65  11:52  SCV  
  68  11:58  Armory  
  68  12:04  SCV, Orbital Command  
  69  12:39  Marine x5  
  74  12:44  Starport Tech Lab  
  74  12:51  Banshee  
  74  12:55  Supply Depot  
  77  13:07  Marine x3  
  80  13:18  Raven  
  82  13:34  Marine x3  
  85  13:54  Marine x3  
  88  13:57  Marine  
Tags
 
Add a new tag
Caveats
  • Supply blocks, unpowered buildings, or Contaminate may cause inaccurate times.
  • Supply counts are checked every 10 seconds.